 Dungeon Crawl Stone Soup version 0.28-a0-1504-g839a4452db (webtiles) character file.

Game seed: 16563516525801367089

374912 AarnesTheHuman the Slayer (level 21, -1/190 HPs)
             Began as a Demonspawn Fighter on Dec 22, 2021.
             Was the Champion of Makhleb.
             Slain by an Ice Fiend (38 damage)
             ... summoned by a deep elf demonologist
             ... on level 3 of the Elven Halls on Jan 13, 2022.
             The game lasted 03:22:45 (73663 turns).

AarnesTheHuman the Slayer (Demonspawn Fighter)     Turns: 73663, Time: 03:22:45

Health: -1/190     AC: 32    Str: 22    XL:     21   Next: 77%
Magic:  0/31       EV:  8    Int: 22    God:    Makhleb [******]
Gold:   3177       SH: 20    Dex: 23    Spells: 20/20 levels left

rFire   . . .      SeeInvis +   a - +9 demon trident (vamp)
rCold   . . .      Faith    .   q - +1 kite shield {reflect}
rNeg    . . .      Spirit   +   P - +5 plate armour {Will+}
rPois   .          Reflect  +   (helmet unavailable)
rElec   +          Harm     .   o - +0 cloak
rCorr   +          Rampage  .   (gloves unavailable)
Will    ++++.                   (boots unavailable)
Stlth   ..........              A - amulet of guardian spirit
HPRegen 0.41/turn               U - ring of Nosmais {Will+ rCorr Dex+4 SInv}
MPRegen 0.22/turn               c - ring of Riemoi {rElec Will+ Str-3 Int+10 Dex+4}

@: lethally poisoned (-1 -> -2)
A: antennae 3, claws 3, hooves 3, demonic guardian 2, icemail 1, condensation
shield, bedeviling, iridescent scales 2, agile 1, subdued magic 1
}: 2/15 runes: decaying, serpentine
a: Renounce Religion, Minor Destruction, Lesser Servant of Makhleb, Major
Destruction, Greater Servant of Makhleb


You were on level 3 of the Elven Halls.
You worshipped Makhleb.
Makhleb was exalted by your worship.
You visited 8 branches of the dungeon, and saw 39 of its levels.
You also visited: Volcano.

You collected 4588 gold pieces.
You spent 1411 gold pieces at shops.

Inventory:

Hand Weapons
 a - a +9 vampiric demon trident (weapon)
 b - a +2 fustibalus of freezing
Missiles
 e - 103 sling bullets
 f - 64 poisoned darts
 B - 11 javelins (quivered)
 O - 2 curare-tipped darts
Armour
 o - a +0 cloak (worn)
 q - a +1 kite shield of reflection (worn)
 P - a +5 plate armour of willpower (worn)
Jewellery
 c - the ring of Riemoi (right claw) {rElec Will+ Str-3 Int+10 Dex+4}
   (You bought it in a shop on level 4 of the Snake Pit)

   [ring of willpower]

   Str:       It affects your strength (-3).
   Int:       It affects your intelligence (+10).
   Dex:       It affects your dexterity (+4).
   rElec:     It insulates you from electricity.
   Will:      It increases your willpower.
 g - a +6 ring of strength
 j - a ring of poison resistance
 m - an amulet of the acrobat
 y - a ring of positive energy
 z - a ring of flight
 A - an amulet of guardian spirit (around neck)
 C - a ring of fire
 D - a +4 ring of slaying
 R - a ring of protection from cold
 U - the ring of Nosmais (left claw) {Will+ rCorr Dex+4 SInv}
   (You bought it in a shop on level 3 of the Dungeon)

   [ring of resist corrosion]

   Dex:       It affects your dexterity (+4).
   SInv:      It lets you see invisible.
   rCorr:     It protects you from acid and corrosion.
   Will:      It increases your willpower.
Wands
 v - a wand of iceblast (36)
 G - a wand of flame (108)
 V - a wand of acid (4)
 Z - a wand of digging (29)
Scrolls
 h - 5 scrolls of fog
 i - 9 scrolls of teleportation
 r - 5 scrolls of vulnerability
 s - 5 scrolls of magic mapping
 u - 2 scrolls of silence
 w - a scroll of enchant weapon
 F - 9 scrolls of immolation
 I - a scroll of blinking
 W - 5 scrolls of fear
Potions
 d - 2 potions of might
 k - a potion of attraction
 l - 5 potions of magic
 n - 8 potions of haste
 p - 3 potions of cancellation
 t - 2 potions of berserk rage
 x - 5 potions of brilliance
 E - 9 potions of heal wounds
 H - 2 potions of resistance
 K - 3 potions of flight
 Q - 11 potions of curing
 S - 3 potions of lignification
 T - 3 potions of ambrosia
 Y - a potion of invisibility
Miscellaneous
 J - a tin of tremorstones (2/2)
 L - a phantom mirror
 M - a condenser vane


   Skills:
 + Level 22.5 Fighting
 - Level 3.0 Short Blades
 - Level 2.4(9.6) Axes
 + Level 14.3(14.4) Polearms
 - Level 2.0(8.3) Slings
 - Level 12.5(12.6) Throwing
 + Level 17.0 Armour
 - Level 3.0 Dodging
 - Level 15.0 Shields
 + Level 14.0 Invocations
 - Level 6.0 Evocations


You had 20 spell levels left.
You didn't know any spells.
Your spell library contained the following spells:

 Spells                   Type           Power      Damage    Failure   Level
 Animate Skeleton         Necr           0%         N/A       91%         1
 Apportation              Tloc           0%         N/A       91%         1
 Magic Dart               Conj           0%         1d3       91%         1
 Pain                     Necr           0%         1d4       91%         1
 Shock                    Conj/Air       0%         1d3       91%         1
 Summon Small Mammal      Summ           0%         N/A       91%         1
 Call Imp                 Summ           0%         N/A       97%         2
 Corpse Rot               Necr/Air       0%         N/A       97%         2
 Ensorcelled Hibernation  Hex/Ice        0%         N/A       97%         2
 Poisonous Vapours        Pois/Air       0%         N/A       97%         2
 Searing Ray              Conj           0%         2d4       97%         2
 Static Discharge         Conj/Air       0%         N/A       97%         2
 Call Canine Familiar     Summ           0%         N/A       100%        3
 Conjure Flame            Conj/Fire      0%         6-21      100%        3
 Dazzling Flash           Conj/Hex       0%         N/A       100%        3
 Gell's Gravitas          Tloc           0%         N/A       100%        3
 Ignite Poison            Fire/Tmut/Pois 0%         N/A       100%        3
 Lesser Beckoning         Tloc           0%         N/A       100%        3
 Mephitic Cloud           Conj/Pois/Air  0%         N/A       100%        3
 Portal Projectile        Hex/Tloc       0%         N/A       100%        3
 Spider Form              Tmut/Pois      0%         N/A       100%        3
 Swiftness                Air            0%         N/A       100%        3
 Teleport Other           Tloc           0%         N/A       100%        3
 Vampiric Draining        Necr           0%         2d6       100%        3
 Airstrike                Air            0%         N/A       100%        4
 Animate Armour           Summ/Erth      0%         N/A       100%        4
 Animate Dead             Necr           0%         N/A       100%        4
 Dispel Undead            Necr           0%         3d6       100%        4
 Flame Wave               Conj/Fire      0%         2d4       100%        4
 Fulminant Prism          Conj/Hex       0%         3d6       100%        4
 Iskenderun's Mystic Bla  Conj/Tloc      0%         2d3       100%        4
 Leda's Liquefaction      Hex/Erth       0%         N/A       100%        4
 Passage of Golubria      Tloc           0%         N/A       100%        4
 Petrify                  Tmut/Erth      0%         N/A       100%        4
 Sticky Flame             Conj/Fire      0%         2d3       100%        4
 Agony                    Necr           0%         N/A       100%        5
 Blade Hands              Tmut           0%         N/A       100%        5
 Excruciating Wounds      Necr           0%         N/A       100%        5
 Irradiate                Conj/Tmut      0%         3d13      100%        5
 Lee's Rapid Deconstruct  Erth           0%         3d5*      100%        5
 Silence                  Hex/Air        0%         N/A       100%        5
 Conjure Ball Lightning   Conj/Air       0%         3x3d6     100%        6
 Death Channel            Necr           0%         N/A       100%        6
 Dispersal                Tloc           0%         N/A       100%        6
 Iron Shot                Conj/Erth      0%         9d1       100%        6
 Starburst                Conj/Fire      0%         6d3       100%        6
 Statue Form              Tmut/Erth      0%         N/A       100%        6
 Dragon Form              Tmut           0%         N/A       100%        7
 Haunt                    Necr/Summ      0%         N/A       100%        7
 Discord                  Hex            0%         N/A       100%        8
 Disjunction              Tloc           0%         N/A       100%        8
 Infestation              Necr           0%         N/A       100%        8
 Fire Storm               Conj/Fire      0%         5d1       100%        9


Dungeon Overview and Level Annotations

Branches:
Dungeon (15/15)            Temple (0/1) D:7            Lair (6/6) D:11
  Swamp (4/4) Lair:2        Snake (4/4) Lair:3        Slime (0/5) Lair:5
    Orc (2/2) D:9             Elf (3/3) Orc:2        Vaults (4/5) D:14
  Crypt (0/3) Vaults:2     Depths (1/4) D:15        Volcano (visited)

Altars:
Cheibriados
Dithmenos
Elyvilon
Makhleb
Ru
Sif Muna
Uskayaw
Yredelemnul
The Shining One
Beogh
Jiyva
Lugonu

Shops:
D:3 *:*=:   Orc:2 :!=(   Elf:3 (   Snake:3 [*(:   Snake:4 *:==   Vaults:4 (

Portals:
Abyss: Lair:6

Annotations:
D:3 1 runed translucent door
D:4 2 runed translucent doors, exclusion: door, Whiskymancer's ghost, amateur PaAK
D:5 1 runed translucent door, ChaosChampion's ghost, amateur DrTm
D:12 3 runed translucent doors, Analysis's ghost, journeyman GrBe
Snake:2 exclusion: downstairs
Snake:3 exclusion: downstairs
Elf:1 8 runed translucent doors, Vohiat's ghost, adept DsIE
Elf:2 3 runed translucent doors
Vaults:1 2 transporters, exclusions: downstairs and obsidian statue
Vaults:3 exclusion: downstairs


Innate Abilities, Weirdness & Mutations

You have a pair of large antennae on your head. (SInv)
You have claws for hands.
You have hooves in place of feet.
A demonic guardian rushes to your aid.
A meltable icy envelope protects you from harm. (AC +4)
A meltable shield of frost defends you. (SH +4)
Your hexes are more powerful.
You are mostly covered in iridescent scales. (AC +4)
You are agile. (Dex +2)
Your spells are a little easier to cast, but a little less powerful.


Message History

A demonic guardian appears!
The deep elf annihilator convulses!
You impale the deep elf blademaster!!
You feel better.
You kill the deep elf blademaster!
Makhleb accepts your kill.
You feel better.
You feel sick.
The deep elf demonologist casts a spell.
You impale the blizzard demon!! You kick the blizzard demon.
The blizzard demon is heavily wounded.
Your balrug gestures at the blizzard demon.
The blizzard demon is smitten.
The Ice Fiend claws you but does no damage.
You block the Ice Fiend's attack.
You impale the deep elf annihilator!!
You feel better.
You kick the deep elf annihilator.
The deep elf annihilator is almost dead.
You feel sick. The blizzard demon gestures at you.
The bolt of lightning hits you! You resist.
* * * LOW HITPOINT WARNING * * *
The bolt of lightning hits your balrug!! x2
The bolt of lightning misses you.
The bolt of lightning hits the blizzard demon.
The blizzard demon completely resists.
The Ice Fiend claws you but does no damage.
You block the Ice Fiend's attack.
You puncture the deep elf annihilator!
You feel better.
You kill the deep elf annihilator!
Makhleb accepts your kill.
You feel sick.
Your balrug gestures at the blizzard demon.
The blizzard demon is smitten.
The blizzard demon barely misses you. You block the blizzard demon's attack.
You puncture the deep elf demonologist!
You feel better.
You kick the deep elf demonologist.
The deep elf demonologist is severely wounded.
The Ice Fiend claws you but does no damage.
The Ice Fiend claws you!
* * * LOW HITPOINT WARNING * * *
The Ice Fiend freezes you!!!
You die...

#...##..##.. #....# ..
#... ## . #....##... ...
.##.# # ##....# ..#..#
..#'### ##....## ......#
....###
##..#..##.......#....###
##..##..###..........###
###..##...###..21e..# #
#...#.....####@###### #
##.............2..#### #
###......#.#.#.#.#8## #
#####..........#### #
############### #


You could see an Ice Fiend (summoned), a blizzard demon (summoned, ally target),
a deep elf demonologist and a friendly balrug (summoned).

Vanquished Creatures
  Margery (Vaults:2)
  Vashnia (Snake:4)
  Nikola (Elf:1)
  2 tentacled monstrosities
  Rupert (D:12)
  2 deep elf blademasters (Elf:3)
  A titan (Vaults:3)
  Gastronok (Lair:1)
  2 deep elf master archers (Elf:3)
  Kirke (D:12)
  A thorn hunter (Swamp:2)
  4 sphinxes
  Roxanne (Snake:4)
  A tengu reaver (Vaults:4)
  7 nagarajas
  A fire giant (Vaults:1)
  6 deep elf sorcerers
  2 frost giants (Vaults:1)
  10 vault wardens
  2 ghouls (Swamp:3)
  Aizul (Snake:1)
  Louise (D:14)
  7 deep elf elementalists
  3 orc warlords
  2 very ugly things
  12 ironbound preservers
  6 ironbound thunderhulks
  2 war gargoyles
  5 eleionomae
  Nessos (D:15)
  2 entropy weavers
  8 deep elf annihilators (Elf:3)
  A bunyip (shapeshifter) (Elf:3)
  19 dire elephants
  A red draconian (Volcano)
  5 deep elf demonologists
  4 bunyips
  3 deep elf death magi
  An ettin (D:15)
  A crystal guardian (Vaults:3)
  3 fire dragons
  4 deep elf high priests
  Fannar (Lair:1)
  Josephine (D:12)
  A great orb of eyes (Vaults:3)
  The ghost of Htamos the Cleaver, a journeyman HOFi of Beogh (D:13)
  4 shambling mangroves
  21 hydras
  9 yaktaur captains
  16 naga warriors
  16 vault guards
  Harold (Lair:1)
  A peacekeeper (Vaults:3)
  Erolcha (D:9)
  4 boulder beetles
  A catoblepas (D:13)
  A salamander tyrant (Snake:3)
  4 ghost crabs
  9 ironbound frosthearts
  13 anacondas
  7 alligators
  16 centaur warriors
  9 two-headed ogres
  2 ogre magi (D:14)
  3 death knights
  A deep troll earth mage (D:11)
  3 death yaks (Lair:5)
  Urug (Lair:2)
  13 dancing weapons
  2 thrashing horrors (Lair:6)
  6 hell knights (Vaults:2)
  4 orc high priests (Orc:2)
  2 vampire magi (Vaults:2)
  18 naga sharpshooters
  Sonja (D:10)
  5 shock serpents
  7 deep elf knights
  3 sea snakes (Snake:4)
  A fire crab (Swamp:4)
  3 salamander mystics
  3 large abominations (Lair:6)
  A glowing orange brain (Vaults:4)
  5 skeletal warriors (D:13)
  3 spriggan druids
  27 deep trolls
  6 goliath frogs
  11 swamp dragons
  An orange crystal statue (Vaults:2)
  2 death drakes (Swamp:3)
  12 lindwurms
  7 bog bodies
  5 naga ritualists
  20 ironbound convokers
  Pikel (D:9)
  7 deep elf archers
  9 orc knights
  A phantasmal warrior (D:12)
  6 wizards
  A necromancer (Vaults:2)
  An oklob plant (Orc:1)
  12 orc sorcerers
  18 deep elf zephyrmancers
  16 deep elf pyromancers
  15 mana vipers
  13 ugly things
  5 cyclopes
  2 manticores
  3 will-o-the-wisps
  17 vault sentinels
  13 elephants
  7 guardian serpents
  15 naga magi
  2 torpor snails (Lair:4)
  2 molten gargoyles (Volcano)
  41 black mambas
  18 salamanders
  4 smoke demons (Lair:6)
  A gargoyle (D:11)
  5 rime drakes
  10 cane toads
  2 unseen horrors (D:12)
  Psyche (D:8)
  12 komodo dragons
  An efreet (D:13)
  29 yaktaurs
  2 ancient zymes (Lair:6)
  2 freezing wraiths
  3 polar bears (Lair:4)
  8 trolls
  A meliai (shapeshifter) (D:9)
  5 hornets
  14 slime creatures
  11 tyrant leeches
  Prince Ribbit (D:7)
  5 dream sheep (Lair:6)
  29 blink frogs
  A dream sheep (shapeshifter) (Lair:6)
  8 small abominations (Lair:6)
  7 wraiths
  5 air elementals
  52 yaks
  A shadow (D:12)
  9 spriggans
  6 fire bats (Volcano)
  A ynoxinul (Lair:6)
  6 fire elementals
  A vampire (D:9)
  2 hogs (D:12)
  6 wyverns
  Eustachio (D:6)
  A basilisk (shapeshifter) (D:13)
  3 water elementals
  A human (D:14)
  11 basilisks
  A chaos spawn (Lair:6)
  6 steam dragons
  2 redbacks (Vaults:2)
  21 vampire mosquitoes
  2 acid dragons
  13 swamp worms
  5 wargs
  43 nagas
  28 water moccasins
  10 swamp drakes
  3 black bears
  41 orc warriors
  An ice beast (D:5)
  12 ogres
  4 necrophages
  3 boggarts (Vaults:1)
  13 wolves
  8 centaurs
  A phantom (D:6)
  2 kobold brigands
  A lemure (D:9)
  21 bullfrogs
  A scorpion (D:6)
  3 gnoll sergeants (D:9)
  An earth elemental (Elf:3)
  A wyvern zombie (D:5)
  9 killer bees
  2 wights (D:6)
  6 howler monkeys
  2 electric eels (Elf:3)
  8 lava snakes
  A bullfrog zombie (D:7)
  3 centaur zombies
  2 jellies (D:6)
  A centaur skeleton (D:7)
  31 orc priests
  3 hounds
  Jessica (D:2)
  2 iguanas (D:5)
  Terence (D:2)
  23 orc wizards
  A hound skeleton (D:4)
  2 howler monkey zombies (D:9)
  Robin (D:2)
  A gnoll (Orc:2)
  12 adders
  2 white imps
  An ufetubus (D:5)
  A worm (D:4)
  A dart slug (D:1)
  102 orcs
  4 bats
  2 endoplasms (D:2)
  5 giant cockroaches
  16 goblins
  9 hobgoblins
  4 jackals (D:2)
  A quokka (D:2)
  2 ball pythons
  6 frilled lizards
  A goblin zombie (D:3)
  A jackal zombie (D:3)
  9 kobolds
  8 rats
  2 briar patches (Swamp:2)
1484 creatures vanquished.

Vanquished Creatures (collateral kills)
  Mara (Vaults:3)
  Saint Roka (Snake:4)
  Bai Suzhen (Snake:4)
  A vault warden (Vaults:3)
  A very ugly thing (Vaults:4)
  A deep elf demonologist (Elf:3)
  A bunyip (Swamp:1)
  2 yaktaur captains
  A vault guard (Vaults:4)
  A naga warrior (Snake:2)
  A centaur warrior (D:14)
  A deep troll earth mage (Vaults:1)
  A naga sharpshooter (Snake:2)
  A deep elf knight (Elf:2)
  A fire crab (Lair:6)
  A salamander mystic (Snake:3)
  A skeletal warrior (D:13)
  A spriggan druid (Swamp:3)
  A deep elf archer (Elf:2)
  An ironbound convoker (Vaults:1)
  2 deep trolls (Vaults:3)
  A deep elf zephyrmancer (Elf:1)
  A deep elf pyromancer (Elf:2)
  A lindwurm (Vaults:3)
  2 elephants (Lair:5)
  A guardian serpent (Snake:3)
  2 naga magi (Snake:2)
  A freezing wraith (D:12)
  6 blink frogs
  2 tyrant leeches (Lair:2)
  6 yaks
  A basilisk (Lair:6)
  2 swamp worms
  2 nagas (Snake:2)
  3 wargs
  A bullfrog (D:9)
  A wight (D:5)
  A howler monkey (D:9)
  2 orcs (D:8)
  A briar patch (Swamp:2)
60 creatures vanquished.

Vanquished Creatures (others)
  A naga warrior (Snake:4)
  A hydra (Swamp:4)
  A lindwurm (Swamp:4)
  A deep elf pyromancer (Elf:2)
  A deep elf zephyrmancer (Elf:2)
  4 bloated husks
  A tyrant leech (Swamp:1)
  2 spriggans
  A steam dragon (Swamp:4)
  2 swamp worms
  2 swamp drakes (Swamp:4)
  20 foxfires
  25 fungi
  60 plants
  2 withered plants (D:5)
124 creatures vanquished.

Grand Total: 1668 creatures vanquished

Notes
Turn   | Place    | Note
-------+----------+-------------------------------------------
     0 | D:1      | AarnesTheHuman the Demonspawn Fighter began the quest for
                  | the Orb.
     0 | D:1      | Reached XP level 1. HP: 18/18 MP: 1/1
   387 | D:1      | Gained mutation: A meltable shield of frost defends you.
                  | (SH +4) [demonic ancestry]
   387 | D:1      | Reached XP level 2. HP: 18/24 MP: 2/2
  1187 | D:2      | Noticed Robin
  1234 | D:2      | Found a hide-covered altar of Uskayaw.
  1386 | D:2      | Reached XP level 3. HP: 25/29 MP: 3/3
  1405 | D:2      | Killed Robin
  1943 | D:2      | Reached XP level 4. HP: 16/36 MP: 4/4
  2193 | D:2      | Noticed Jessica
  2218 | D:2      | Killed Jessica
  2911 | D:2      | Noticed Terence
  3177 | D:2      | Killed Terence
  3178 | D:2      | Reached skill level 4 in Fighting
  3178 | D:2      | Discovered your monstrous ancestry.
  3178 | D:2      | Gained mutation: You have large cloven feet. [demonic
                  | ancestry]
  3178 | D:2      | Reached XP level 5. HP: 30/42 MP: 5/5
  3324 | D:2      | Found a faded altar of an unknown god.
  3471 | D:3      | Found Taequal's Book Shoppe.
  3483 | D:3      | Noticed a human
  3484 | D:3      | Found a runed translucent door.
  3495 | D:3      | Found a basalt altar of Yredelemnul.
  3559 | D:3      | Found Akaiw's General Store.
  3573 | D:3      | Found Laru's Jewellery Boutique.
  3745 | D:3      | Found Hean's Assorted Antiques.
  3937 | D:3      | Found a burning altar of Makhleb.
  3984 | D:3      | Became a worshipper of Makhleb the Destroyer
  4008 | D:3      | Found Giemyniock's Book Shop.
  4309 | D:4      | Found a hide-covered altar of Uskayaw.
  4309 | D:4      | Noticed a +0 spear
  4309 | D:4      | Noticed a +0 dagger
  4309 | D:4      | Noticed a +0 short sword
  4310 | D:4      | Noticed a +0 falchion
  4311 | D:4      | Noticed a +0 short sword
  4311 | D:4      | Noticed a +0 falchion
  4312 | D:4      | Noticed a +0 dagger
  4313 | D:4      | Noticed a +0 spear
  4365 | D:4      | Reached skill level 1 in Short Blades
  4365 | D:4      | Reached skill level 1 in Invocations
  4365 | D:4      | Gained mutation: You have hoof-like feet. [demonic
                  | ancestry]
  4365 | D:4      | Reached XP level 6. HP: 42/48 MP: 6/6
  4401 | D:4      | Found a snail-covered altar of Cheibriados.
  4408 | D:4      | Found a runed translucent door.
  4495 | D:4      | Noticed Whiskymancer's ghost (amateur PaAK)
  4620 | D:4      | Found a runed translucent door.
  4982 | D:5      | Entered Level 5 of the Dungeon
  5143 | D:5      | Noticed an ice beast
  5152 | D:5      | Killed an ice beast
  5233 | D:5      | Gained mutation: You have a pair of small antennae on your
                  | head. [demonic ancestry]
  5233 | D:5      | Reached XP level 7. HP: 55/55 MP: 8/8
  5249 | D:5      | Found a runed translucent door.
  5251 | D:5      | Noticed ChaosChampion's ghost (amateur DrTm)
  5443 | D:5      | Identified the +3 short sword "Ongohuca" {holy, rPois rC-
                  | Str+2}
  5928 | D:5      | Reached skill level 5 in Fighting
  6101 | D:6      | Reached * piety under Makhleb
  6392 | D:6      | Reached skill level 5 in Armour
  6455 | D:6      | Gained mutation: A weak demonic guardian rushes to your
                  | aid. [demonic ancestry]
  6455 | D:6      | Reached XP level 8. HP: 55/63 MP: 8/11
  6757 | D:6      | Reached skill level 5 in Invocations
  6824 | D:6      | Noticed Eustachio
  6825 | D:6      | You are sucked into a shaft and drop 1 floor!
  6870 | D:7      | Found a staircase to the Ecumenical Temple.
  7031 | D:7      | Reached skill level 6 in Fighting
  7530 | D:6      | Killed Eustachio
  8028 | D:7      | Reached skill level 7 in Fighting
  8028 | D:7      | Reached XP level 9. HP: 41/72 MP: 6/14
  8664 | D:7      | Noticed Prince Ribbit
  8672 | D:7      | Killed Prince Ribbit
  9376 | D:7      | Reached ** piety under Makhleb
  9834 | D:8      | Noticed Psyche
  9946 | D:9      | Found a staircase to the Orcish Mines.
  9955 | D:9      | Noticed Erolcha
  9970 | D:9      | Reached skill level 8 in Fighting
  9991 | D:9      | Killed Erolcha
 10252 | D:9      | Noticed a cyclops
 10402 | D:8      | Killed Psyche
 10403 | D:8      | Reached skill level 9 in Fighting
 10403 | D:8      | Reached XP level 10. HP: 75/83 MP: 14/16
 10499 | D:8      | Noticed a two-headed ogre
 10553 | D:8      | Killed a two-headed ogre
 10832 | D:9      | Noticed Pikel
 10850 | D:9      | Killed Pikel
 11032 | D:9      | Noticed a centaur warrior
 11043 | D:9      | Reached skill level 10 in Fighting
 11491 | D:9      | HP: 4/85 [gnoll sergeant (1)]
 11508 | D:9      | Killed a centaur warrior
 12276 | D:9      | Reached skill level 10 in Armour
 12905 | D:9      | Reached skill level 11 in Fighting
 12967 | D:9      | Reached skill level 1 in Polearms
 12967 | D:9      | Gained mutation: A meltable icy envelope protects you from
                  | harm. (AC +4) [demonic ancestry]
 12967 | D:9      | Reached XP level 11. HP: 88/93 MP: 14/17
 13449 | D:9      | Found a shadowy altar of Dithmenos.
 13454 | D:9      | Found a shimmering blue altar of Sif Muna.
 13633 | D:10     | Entered Level 10 of the Dungeon
 13802 | D:10     | Noticed Sonja
 13852 | D:10     | Killed Sonja
 14278 | D:10     | Reached skill level 5 in Polearms
 14431 | D:10     | Reached *** piety under Makhleb
 14988 | D:11     | Found a staircase to the Lair.
 15150 | D:11     | Reached skill level 1 in Dodging
 16353 | D:11     | Noticed a deep troll earth mage
 16363 | D:11     | Killed a deep troll earth mage
 16925 | Lair:1   | Entered Level 1 of the Lair of Beasts
 17200 | D:3      | Bought the ring of Nosmais {Will+ rCorr Dex+4 SInv} for 542
                  | gold pieces
 17612 | Lair:1   | Noticed Gastronok
 18503 | Lair:1   | Killed Gastronok
 18504 | Lair:1   | Gained mutation: A demonic guardian rushes to your aid.
                  | [demonic ancestry]
 18504 | Lair:1   | Reached XP level 12. HP: 80/100 MP: 11/19
 18952 | Lair:1   | Upgraded the game from 0.28-a0-1227-ga9037bb4c8 to
                  | 0.28-a0-1233-g92def6ad0a
 18991 | Lair:2   | Noticed Fannar
 19085 | Lair:2   | Noticed Harold
 19132 | Lair:1   | Reached **** piety under Makhleb
 19752 | Lair:1   | Reached skill level 10 in Invocations
 19865 | Lair:1   | Reached skill level 12 in Fighting
 20109 | Lair:1   | Killed Fannar
 20148 | Lair:1   | Killed Harold
 20588 | Lair:2   | Got the Tome of the Well-Known Prophets
 20728 | Lair:2   | Noticed Urug
 20742 | Lair:2   | Killed Urug
 20979 | Lair:2   | Noticed a six-headed hydra
 20979 | Lair:2   | Noticed a six-headed hydra
 20983 | Lair:2   | Reached skill level 1 in Throwing
 20987 | Lair:2   | Killed a six-headed hydra
 20993 | Lair:2   | Killed a six-headed hydra
 21122 | Lair:2   | Found a staircase to the Swamp.
 21384 | Lair:3   | Found a staircase to the Snake Pit.
 21769 | Lair:2   | Gained mutation: You have a pair of antennae on your head.
                  | [demonic ancestry]
 21769 | Lair:2   | Reached XP level 13. HP: 107/109 MP: 17/21
 22316 | Lair:3   | Reached ***** piety under Makhleb
 22355 | Lair:3   | Reached skill level 13 in Fighting
 23830 | Lair:4   | Identified the +1 bardiche of Tenacity {freeze, *Rage rF++
                  | Int+2}
 23929 | Lair:4   | Reached skill level 10 in Polearms
 24195 | Lair:4   | Reached skill level 14 in Fighting
 24712 | Lair:5   | Identified a scroll of acquirement
 25067 | Lair:5   | Reached XP level 14. HP: 97/121 MP: 16/23
 25239 | Lair:5   | Found a staircase to the Slime Pits.
 25239 | Lair:5   | Found a viscous altar of Jiyva.
 25692 | Lair:5   | Got Bizxublitin's Disquisition on Dislocated Confrontation
 25788 | Lair:6   | Entered Level 6 of the Lair of Beasts
 25896 | Lair:6   | Found the +5 robe of Misfortune {Contam Harm *Corrode Drain
                  | *Slow EV+5}
 26021 | Lair:6   | Reached skill level 15 in Fighting
 26127 | Lair:6   | Reached ****** piety under Makhleb
 27560 | Lair:6   | Reached skill level 16 in Fighting
 27766 | Lair:6   | Found a corrupted altar of Lugonu.
 27766 | Lair:6   | Found a one-way gate to the infinite horrors of the Abyss.
 28125 | D:12     | Noticed Josephine
 28133 | D:12     | Killed Josephine
 28362 | D:12     | Gained mutation: You have sharp fingernails. [demonic
                  | ancestry]
 28362 | D:12     | Reached XP level 15. HP: 88/131 MP: 14/24
 28748 | D:12     | Noticed Kirke
 28758 | D:12     | Killed Kirke
 28762 | D:12     | Noticed Rupert
 28764 | D:12     | Paralysed by Rupert for 7 turns
 28784 | D:12     | Killed Rupert
 29028 | D:12     | Found a runed translucent gate.
 29028 | D:12     | Found a runed translucent gate.
 29029 | D:12     | Noticed Analysis's ghost (journeyman GrBe)
 29031 | D:12     | Found a runed translucent gate.
 30385 | D:13     | Found a runed translucent door.
 30389 | D:13     | Noticed Htamos's ghost (journeyman HOFi)
 30446 | D:13     | Found a sacrificial altar of Ru.
 30671 | D:13     | Reached skill level 17 in Fighting
 30828 | D:13     | Killed Htamos's ghost
 30963 | Orc:1    | Entered Level 1 of the Orcish Mines
 31068 | Orc:1    | Gained mutation: You have hidden genetic defects. [a
                  | neqoxec]
 31283 | Orc:1    | Found a dark tunnel.
 31301 | Volcano  | Entered a volcano
 31497 | Volcano  | Found a radiant altar of Vehumet.
 31673 | Volcano  | Identified the -2 pair of gloves "Cacloqiu" {*Corrode rPois
                  | Will+ Stlth+}
 32056 | Lair:1   | Lost mutation: You have hidden genetic defects. [potion of
                  | mutation]
 32056 | Lair:1   | Gained mutation: You are partially covered in iridescent
                  | scales. (AC +2) [potion of mutation]
 32056 | Lair:1   | Gained mutation: Your spells are a little easier to cast,
                  | but a little less powerful. [potion of mutation]
 32056 | Lair:1   | Gained mutation: You are agile. (Dex +2) [potion of
                  | mutation]
 32056 | Lair:1   | Gained mutation: You are mostly covered in iridescent
                  | scales. (AC +4) [potion of mutation]
 32673 | Orc:2    | Entered Level 2 of the Orcish Mines
 33009 | Orc:2    | Reached skill level 18 in Fighting
 33642 | Orc:2    | Found Ynotipoc's Book Emporium.
 33739 | Orc:2    | Found Koukk's Distillery.
 33921 | Orc:2    | Found a staircase to the Elven Halls.
 34009 | Orc:2    | Got the Reference Book on Twisted Ignition
 34216 | Orc:2    | Noticed an orc warlord
 34236 | Orc:2    | Killed an orc warlord
 34394 | Orc:2    | Found Ytoxo's Antique Weapon Shoppe.
 34542 | Orc:2    | Found Jueruehou's Jewellery Emporium.
 34597 | Orc:2    | Gained mutation: You have very sharp fingernails. [demonic
                  | ancestry]
 34597 | Orc:2    | Reached XP level 16. HP: 145/145 MP: 25/25
 35134 | Swamp:1  | Entered Level 1 of the Swamp
 35307 | Swamp:1  | Reached skill level 5 in Throwing
 36538 | Swamp:2  | Noticed a tentacled monstrosity
 36557 | Swamp:2  | Killed a tentacled monstrosity
 36621 | Swamp:2  | Noticed a thorn hunter
 36641 | Swamp:2  | Killed a thorn hunter
 36931 | Swamp:2  | Reached skill level 19 in Fighting
 38904 | Swamp:3  | Noticed a tentacled monstrosity
 38929 | Swamp:3  | Killed a tentacled monstrosity
 39169 | Swamp:4  | Entered Level 4 of the Swamp
 39565 | Swamp:4  | Identified the -5 cloak "Rekhuim" {rPois Int+2}
 40333 | Swamp:4  | Gained mutation: You have a pair of large antennae on your
                  | head. (SInv) [demonic ancestry]
 40333 | Swamp:4  | Reached XP level 17. HP: 152/153 MP: 24/26
 42288 | Swamp:4  | Got a decaying rune of Zot
 42530 | Snake:1  | Entered Level 1 of the Snake Pit
 43726 | Snake:1  | Noticed Aizul
 43754 | Snake:1  | Killed Aizul
 43755 | Snake:1  | Reached skill level 5 in Shields
 44266 | Snake:1  | Upgraded the game from 0.28-a0-1233-g92def6ad0a to
                  | 0.28-a0-1292-gb4563b27b3
 44272 | Snake:1  | Acquired 784 gold pieces
 44276 | Snake:1  | Acquired a +0 kite shield of reflection
 44409 | Snake:2  | Identified the +2 mace "Pes Ecom" {speed, rPois rF++ Int-4
                  | SInv}
 47355 | Snake:2  | HP: 7/155 [Executioner[the player character] (1)]
 47945 | Snake:2  | Got Geinio's Collected Works on Changing and the Volcanoes
 49292 | Snake:3  | Reached skill level 10 in Shields
 50488 | Snake:3  | Reached XP level 18. HP: 135/162 MP: 22/27
 50734 | Snake:3  | Found Geinuw's Book Shoppe.
 51331 | Snake:3  | Found Niro's Assorted Antiques.
 51333 | Snake:3  | Found Toming's Weapon Emporium.
 51753 | Snake:3  | Found Sytaimo's Antique Armour Shop.
 52061 | Snake:4  | Entered Level 4 of the Snake Pit
 52726 | Snake:4  | Found Taerhe's Book Emporium.
 52726 | Snake:4  | Found Buvvecw's Jewellery Boutique.
 52727 | Snake:4  | Found Duamn's Jewellery Boutique.
 52737 | Snake:4  | Bought the ring of Riemoi {rElec Will+ Str-3 Int+10 Dex+4}
                  | for 869 gold pieces
 52791 | Snake:4  | Found Nomole's Gadget Gallery.
 52803 | Snake:4  | Noticed Saint Roka
 52846 | Snake:4  | Killed Saint Roka
 55114 | Snake:4  | Got a serpentine rune of Zot
 55188 | Snake:4  | Noticed Bai Suzhen
 55199 | Snake:4  | Killed Bai Suzhen
 55241 | Snake:4  | Noticed Vashnia
 55313 | Snake:4  | Killed Vashnia
 55876 | Snake:4  | Noticed Roxanne
 56389 | Snake:4  | Killed Roxanne
 57099 | D:13     | Found a sacrificial altar of Ru.
 57363 | D:14     | Identified the +0 tower shield of the Morning Star {Regen+
                  | SInv}
 57363 | D:14     | Noticed Louise
 57404 | D:14     | Killed Louise
 57633 | D:14     | Reached skill level 15 in Shields
 57986 | D:14     | Reached skill level 1 in Evocations
 57989 | D:14     | Reached skill level 1 in Slings
 58144 | D:14     | Found a gate to the Vaults.
 58289 | D:15     | Entered Level 15 of the Dungeon
 58304 | D:15     | Gained mutation: Your hexes are more powerful. [demonic
                  | ancestry]
 58304 | D:15     | Reached XP level 19. HP: 168/168 MP: 28/28
 58598 | D:15     | Noticed Nessos
 58609 | D:15     | Killed Nessos
 58832 | D:15     | Reached skill level 20 in Fighting
 58839 | D:15     | Found a staircase to the Depths.
 59747 | Depths:1 | Entered Level 1 of the Depths
 59828 | Vaults:1 | Entered Level 1 of the Vaults
 60762 | Vaults:1 | Identified the +0 plate armour "Zuvoq" {rC+}
 61457 | Vaults:1 | Found a transporter.
 61472 | Vaults:1 | Found a transporter.
 61972 | Vaults:2 | Reached skill level 5 in Evocations
 62344 | Vaults:2 | Noticed Margery
 62643 | Vaults:2 | Killed Margery
 63856 | Vaults:2 | Found a staircase to the Crypt.
 63932 | Vaults:2 | Reached skill level 10 in Throwing
 64115 | Vaults:1 | Upgraded the game from 0.28-a0-1292-gb4563b27b3 to
                  | 0.28-a0-1365-g7e0445c96d
 64556 | Vaults:2 | Gained mutation: You have hooves in place of feet. [demonic
                  | ancestry]
 64556 | Vaults:2 | Reached XP level 20. HP: 178/178 MP: 29/29
 65227 | Vaults:3 | Reached skill level 15 in Armour
 65357 | Vaults:3 | Reached skill level 21 in Fighting
 65504 | Vaults:3 | Noticed Mara
 65511 | Vaults:3 | Noticed AarnesTheHuman's illusion
 65542 | Vaults:3 | Noticed AarnesTheHuman's illusion
 65579 | Vaults:3 | Killed Mara
 69142 | Vaults:4 | Found Ifiochaq's Weapon Shoppe.
 69541 | Vaults:4 | Gained mutation: You have claws for hands. [demonic
                  | ancestry]
 69541 | Vaults:4 | Reached XP level 21. HP: 188/188 MP: 30/30
 70086 | Elf:1    | Entered Level 1 of the Elven Halls
 70086 | Elf:1    | Found a runed translucent gate.
 70086 | Elf:1    | Found a runed translucent gate.
 70086 | Elf:1    | Found a runed translucent gate.
 70086 | Elf:1    | Found a runed translucent gate.
 70086 | Elf:1    | Found a runed translucent gate.
 70086 | Elf:1    | Found a runed translucent gate.
 70094 | Elf:1    | Found a runed translucent door.
 70181 | Orc:2    | Upgraded the game from 0.28-a0-1365-g7e0445c96d to
                  | 0.28-a0-1504-g839a4452db
 70185 | Elf:1    | Found a runed translucent door.
 70549 | Elf:1    | Reached skill level 22 in Fighting
 70913 | Elf:1    | Found a runed translucent gate.
 70913 | Elf:1    | Found a runed translucent gate.
 70913 | Elf:1    | Found a runed translucent gate.
 70913 | Elf:1    | Found a runed translucent gate.
 70913 | Elf:1    | Found a runed translucent gate.
 70914 | Elf:1    | Found a runed translucent gate.
 70989 | Elf:1    | Noticed Vohiat's ghost (adept DsIE)
 71120 | Elf:1    | Noticed Nikola
 71138 | Elf:1    | Killed Nikola
 71337 | Elf:1    | Found a runed translucent door.
 71363 | Elf:1    | Paralysed by an air elemental for 1 turns
 71695 | Elf:2    | Paralysed by an air elemental for 1 turns
 72302 | Elf:2    | Found a runed translucent gate.
 72302 | Elf:2    | Found a runed translucent gate.
 72302 | Elf:2    | Found a runed translucent gate.
 72473 | Elf:3    | Entered Level 3 of the Elven Halls
 72477 | Elf:3    | Paralysed by an air elemental for 1 turns
 72548 | Elf:3    | Found Elyrghudu's Weapon Shop.
 72746 | Elf:3    | Paralysed by an air elemental for 1 turns
 72749 | Elf:3    | Paralysed by an air elemental for 1 turns
 73663 | Elf:3    | Slain by an Ice Fiend

Illustrated notes

Levels and vault maps discovered:
D:1:      matt_arrival_spirals, layout_basic, minmay_misc_feat_iff
D:2:      minmay_chambers_of_ones, layout_loops_ring,
          hellmonk_ecumenical_altar_defaced_shrine, basic_altar, uniq_jessica,
          uniq_robin, uniq_terence
D:3:      layout_basic, dk_yredelemnul_ordeal, mainiacjoe_overflow_alcove_4,
          serial_shops, shop, nicolae_shop_stone, shop, shop_statue,
          nicolae_shop_hallway_stairs, st_stairs_4
D:4:      layout_loops_ring, nicolae_uskayaw_en_pointe, lemuel_round_altar,
          ebering_ghost_sewer_f
D:5:      layout_basic, gammafunk_ghost_grave, nrook_loot_triangle, minivault_1,
          kennysheep_generic_room_12
D:6:      layout_loops_ring, old_standard_altar, uniq_eustachio
D:7:      layout_basic, temple_green, uniq_prince_ribbit1
D:8:      layout_basic, tso_altar, uniq_psyche
D:9:      hangedman_cross_cluster, layout_basic, mainiacjoe_overflow_big_doors,
          orc_0_dummy, uniq_erolcha, uniq_pikel
D:10:     layout_basic, uniq_sonja
D:11:     layout_basic, erik_lair_dragon, wad_dig_loot
D:12:     layout_loops_corners, ebering_ghost_rock_garden, nicolae_sextant,
          uniq_josephine, uniq_kirke, uniq_rupert
D:13:     layout_small_grid, ebering_ghost_reflecting_pool,
          nicolae_ru_great_annihilating_truth
D:14:     layout_cave_pools, grunt_vaults_entry_fortified, hangedman_decor_push,
          nicolae_figureground_sparkle, uniq_louise
D:15:     hangedman_depths_entry_civil_slaughter, layout_stronghold,
          minmay_misc_feat_chi, uniq_nessos
Lair:1:   layout_chaotic_city, uniq_gastronok
Lair:2:   layout_hall_layers, palyth_hydra_swamp_entry, minivault_11,
          chequers_serial_rivers_micro_a, uniq_urug, uniq_fannar, uniq_harold
Lair:3:   layout_regular_city, minmay_snake_entry_guardpost_small, st_stairs_4,
          infiniplex_staircase_pool_2
Lair:4:   layout_gridlike, grunt_forest_stairs_clearing
Lair:5:   layout_concentric_octagons, slime_altar_1
Lair:6:   hellmonk_lair_end_abyssal_woods, layout_cellular_growth, minivault_19
Swamp:1:  layout_basic_swamp, hangedman_swamp_ruin_wall,
          nicolae_swamp_triple_paths, infiniplex_staircase_pool
Swamp:2:  layout_basic_swamp, nicolae_swamp_dense_foliage, swamp_pool1,
          nicolae_swamp_stuck_in_the_mud
Swamp:3:  layout_basic_swamp, nicolae_swamp_well_well_well, swamp_pool5
Swamp:4:  swamp_fiery, layout_basic_swamp
Snake:1:  layout_layer_cave, uniq_aizul
Snake:2:  layout_layer_cave, nicolae_snake_gridmaze_squiggle
Snake:3:  layout_layer_cave, serial_shops, shop_coins, corexii_hall_statues_l,
          grunt_ministairs_4, minmay_shop_star
Snake:4:  grunt_snake_rune_serpentine_throne, layout_cave_town,
          grunt_ministairs_14, serial_bayou_lagoon_a, nicolae_shop_gadgets,
          minmay_shop_grove, uniq_roxanne, uniq_vashnia, uniq_bai_suzhen,
          uniq_saint_roka
Orc:1:    layout_caves, nicolae_volcano_entry_vermiform, mines3_lemuel
Orc:2:    pubby_orc_utopia, serial_shops
Elf:1:    nicolae_elf_arrival_dilemma, layout_gridlike, hellmonk_ghost_big_iron,
          orc_legates, uniq_nikola
Elf:2:    nicolae_elf_blades_splatter_lattice [mumra_blade_entry_dagger],
          layout_rooms, st_stairs_10
Elf:3:    minmay_elf_hall_statues, layout_geoelf_castle, serial_shops, shop,
          lemuel_flamethrower_1
Vaults:1: hangedman_vaults_corner_blocks, hangedman_vaults_maws,
          vaults_room_stairs_pillars, vaults_dpeg_ring,
          vaults_dpeg_encased_lava, dpeg_vaults_monster_row,
          ontoclasm_vaults_shuriken, grunt_vaults_bifocal,
          ontoclasm_vaults_fault, gammafunk_sealed_arena,
          nicolae_vaults_asterisk, vaults_room_grunt_arrival_ludios,
          vaults_room_boxed, ontoclasm_vaults_ring_small, vaults_mumra_chevron,
          nicolae_vaults_what_the_h, vaults_mumra_lcd, layout_vaults_maze
Vaults:2: nicolae_vaults_statue_guard, nicolae_vaults_specimen_jars, v_misc_17,
          minmay_crypt_entry_simple_corners, ontoclasm_vaults_ring_small,
          nicolae_vaults_border_crossing, v_alt_pattern_1, v_misc_22,
          vaults_room_pools, ontoclasm_vaults_idyll, vaults_dpeg_diagonal,
          ontoclasm_vaults_chip, layout_vaults_omnicross, uniq_margery
Vaults:3: v_misc_24, grunt_vaults_twisty, v_misc_4,
          nicolae_vaults_little_squares_4, v_misc_24, v_misc_11, v_misc_14,
          v_misc_12, ontoclasm_vaults_decontamination, nicolae_vaults_network_s,
          hangedman_vaults_maws, vaults_room_guarded_vault,
          vaults_room_large_hall, layout_vaults_omnigrid, uniq_mara
Vaults:4: vaults_dpeg_hooks, hangedman_vaults_stream, v_misc_10,
          ontoclasm_vaults_tryst, kb_rosetta, nicolae_vaults_angled_halls,
          v_rooms_1, v_misc_9, vaults_standard_mumra_lines, v_misc_14,
          ontoclasm_vaults_gateway, vaults_room_pools,
          nicolae_vaults_little_squares_6, ontoclasm_vaults_twist,
          layout_vaults_ring, serial_shops, nicolae_lakefront_shop
Depths:1: minmay_concentric_multi, layout_gridlike, hangedman_decor_riveting,
          hell_entry, minmay_statues_item, chequers_serial_rivers_large_b,
          kennysheep_treasure_room

Skill      XL: |  1  2  3  4  5  6  7  8  9 10 11 12 13 14 15 16 17 18 19 20 21 |
---------------+----------------------------------------------------------------+-----
Axes           | 2 |  2.4
Armour         | 3 4 5 6 8 10 11 13 14 16 17 | 17.0
Shields        | 3 4 10 15 | 15.0
Fighting       | 4 5 7 9 11 12 14 16 18 19 20 21 22 | 22.5
Short Blades   | 1 2 3 |  3.0
Invocations    | 1 2 4 7 8 9 10 12 14 | 14.0
Polearms       | 1 6 8 10 12 13 14 | 14.3
Dodging        | 3 |  3.0
Throwing       | 2 4 7 8 10 12 | 12.5
Evocations     | 1 6 |  6.0
Slings         | 1 2 |  2.0

Action                   |  1- 3 |  4- 6 |  7- 9 | 10-12 | 13-15 | 16-18 | 19-21 || total
-------------------------+-------+-------+-------+-------+-------+-------+-------++-------
Melee: War axe           |   113 |       |       |       |       |       |       ||   113
       Dagger            |    36 |   159 |   201 |   117 |       |       |       ||   513
       Kick              |       |    42 |    75 |    87 |       |       |   485 ||   689
       Trident           |       |       |       |   401 |       |       |       ||   401
       Demon trident     |       |       |       |    75 |  1483 |  1703 |  1872 ||  5133
       Glaive            |       |       |       |       |       |       |    27 ||    27
 Fire: Hunting sling     |       |       |    39 |    68 |    12 |       |       ||   119
       Fustibalus        |       |       |       |       |    34 |   311 |    34 ||   379
Throw: Dart              |     3 |    15 |       |     9 |    10 |    12 |     6 ||    55
       Stone             |       |     9 |     4 |     3 |       |       |       ||    16
       Javelin           |       |       |       |       |     2 |     6 |    24 ||    32
       Throwing net      |       |       |       |       |       |     1 |       ||     1
Invok: Lesser Servant of |       |       |       |       |     1 |       |       ||     1
       Greater Servant o |       |       |       |       |       |     4 |     4 ||     8
Evoke: Wand              |       |       |       |     3 |     4 |     5 |     4 ||    16
       Phantom mirror    |       |       |       |       |       |     1 |       ||     1
       Tin of tremorston |       |       |       |       |       |       |     1 ||     1
  Use: Potion            |       |     2 |       |     3 |     3 |     9 |     2 ||    19
       Scroll            |       |       |    11 |    15 |     7 |    14 |     8 ||    55
 Stab: Paralysed         |       |       |       |     1 |     1 |       |       ||     2
       Distracted        |       |       |       |     1 |     1 |     4 |     3 ||     9
Armor: Scale mail        |    60 |    32 |       |       |    39 |       |       ||   131
       Chain mail        |       |    22 |    65 |   120 |       |       |       ||   207
       Plate armour      |       |       |       |   273 |   428 |   868 |   562 ||  2131
Dodge: Dodged            |    52 |    40 |    40 |   189 |   271 |   334 |   280 ||  1206
Block: Buckler           |    53 |    70 |    60 |   279 |   405 |   312 |       ||  1179
       Kite shield       |       |       |       |       |       |   573 |   986 ||  1559
       Reflection        |       |       |       |       |       |   136 |   136 ||   272
       Other             |       |       |       |       |       |       |     1 ||     1

Table legend: (Time is in decaauts)
 A = Elapsed time spent in this place.
 B = Non-inter-level travel time spent in this place.
 C = Inter-level travel time spent in this place.
 D = Time resting spent in this place.
 E = Time spent auto-exploring this place.
 F = Levels seen in this place.
 G = Mean time per level.
                   A        B        C        D        E       F      G
               +--------+--------+--------+--------+--------+-----+--------+
         Total |  72420 |  66060 |   6360 |  22012 |  29882 |  40 | 1810.5 |
       Dungeon |  24205 |  21600 |   2605 |   5413 |  12700 |  15 | 1613.7 |
          Lair |  11633 |  10297 |   1336 |   3921 |   3993 |   6 | 1938.8 |
         Swamp |   7213 |   6749 |    464 |   2845 |   2458 |   4 | 1803.2 |
     Snake Pit |  13472 |  12698 |    774 |   5879 |   3955 |   4 | 3368.0 |
  Orcish Mines |   3110 |   2872 |    238 |    615 |   1540 |   2 | 1555.0 |
   Elven Halls |   3434 |   3288 |    146 |    360 |   1858 |   3 | 1144.7 |
        Vaults |   8779 |   7984 |    795 |   2769 |   3228 |   4 | 2194.8 |
        Depths |      1 |      1 |      0 |      0 |      0 |   1 |    1.0 |
       Volcano |    570 |    570 |      0 |    209 |    148 |   1 |  570.0 |
               +--------+--------+--------+--------+--------+-----+--------+

Top non-repeatable levels by time:
 Snake:3: 4241 daAuts
 Snake:1: 3335 daAuts
  Lair:1: 3275 daAuts
 Snake:2: 3176 daAuts
     D:9: 2721 daAuts
 Snake:4: 2719 daAuts
Vaults:1: 2618 daAuts
    D:11: 2613 daAuts
 Swamp:3: 2341 daAuts
Vaults:2: 2325 daAuts
Vaults:3: 2320 daAuts
   Orc:2: 2224 daAuts
 Swamp:2: 2154 daAuts
     D:8: 2090 daAuts
  Lair:6: 2026 daAuts
